AoeStats
← Zumoshi

Arabia

507676579Analyzed
1v1 RM · 14d ago on Sep 19, 2026· 40m 1s· 2 players
Game mode
Random Map
Map size
Tiny (2 player)
Population
200
Speed
Normal
Resources
Standard
Victory
Conquest
Starting age
Dark Age
Ending age
Imperial Age
RankedLock teamsTeams togetherTeam positionsShared explorationLock speedFull tech treeHidden civsTurbo modeCheats
Victory
Defeat
🇮🇱 Khitans · Israel
1148
+15
🇹🇼 Mongols · Taiwan
1136
-15
Relax
6:10 Loom
9:37 Feudal Age
16:05 Fletching
16:45 Double-Bit Axe
25:17 Castle Age
25:17 Forging
25:02 Horse Collar
25:59 Bloodlines
25:24 Crossbowman
30:32 Bow Saw
31:56 Scale Barding Armor
Zumoshi
6:45 Loom
9:12 Feudal Age
10:04 Man-at-Arms
13:46 Forging
17:04 Double-Bit Axe
17:56 Fletching
19:23 Wheelbarrow
19:25 Domestication
24:54 Castle Age
23:43 Padded Archer Armor
24:04 Gold Mining
25:47 Husbandry
25:51 Bodkin Arrow
26:53 Bow Saw
27:22 Leather Archer Armor
30:09 Ballistics
29:35 Heavy Cavalry Archer
34:15 Thumb Ring
39:59 Imperial Age
39:08 Hand Cart
38:59 Pastoralism
Connection lost

Rejoining the realm…

Still unreachable

The connection could not be restored.

Session expired

The server has moved on; the page needs a fresh start.